 Dungeon Crawl Stone Soup version 0.30-a0-377-g5cb311bc9f (webtiles) character file.

Game seed: 16056702133871291856

210154 retardedninja the Executioner (level 18, -1/195 HPs)
             Began as a Hill Orc Fighter on Nov 29, 2022.
             Was an Initiate of Gozag.
             Blown up by an orb spider (66 damage)
             ... with an orb of destruction
             ... on level 4 of the Spider Nest.
             The game lasted 01:13:58 (48554 turns).

retardedninja the Executioner (Hill Orc Fighter)   Turns: 48554, Time: 01:13:59

Health: -1/195     AC: 40    Str: 32 (33) XL:     18   Next: 84%
Magic:  9/27       EV: 23    Int: 12 (13) God:    Gozag
Gold:   7915       SH: 15    Dex:  9 (10) Spells: 17/17 levels left

rFire   . . .      SeeInvis .    j - +7 broad axe of Deare {speed, rElec MP+9 Int+5 Stlth+}
rCold   . . .      Faith    .    O - +1 kite shield
rNeg    . . .      Spirit   .    m - +10 plate armour
rPois   .          Reflect  .    e - +2 hat
rElec   +          Harm     .    t - +0 cloak
rCorr   .          Rampage  .    J - +2 pair of gloves
Will    ++...                    (no boots)
Stlth   ..........               k - amulet of the acrobat
HPRegen 0.52/turn                K - +4 ring of protection
MPRegen 0.20/turn                E - +6 ring of strength

@: gold aura, acrobatic, slightly contaminated
A: strong-willed 1, robust 1, electricity resistance
}: 1/15 runes: barnacled
a: Renounce Religion, Potion Petition, Call Merchant, Bribe Branch


You were on level 4 of the Spider Nest.
You worshipped Gozag.
Gozag was greatly pleased with you.
You visited 5 branches of the dungeon, and saw 30 of its levels.

You collected 10926 gold pieces.
You spent 611 gold pieces at shops.
You paid 2400 gold pieces to Gozag.

Inventory:

Hand Weapons
 j - the +7 broad axe of Deare (weapon) {speed, rElec MP+9 Int+5 Stlth+}
   (You acquired it on level 7 of the Dungeon)

   Attacks with this weapon are significantly faster.
   Int:       It affects your intelligence (+5).
   rElec:     It insulates you from electricity.
   MP:        It affects your magic capacity (+9).
   Stlth:     It makes you more stealthy.
Missiles
 v - 7 throwing nets
 y - 17 javelins (quivered)
Armour
 e - a +2 hat (worn)
 m - a +10 plate armour (worn)
 t - a +0 cloak (worn)
 J - a +2 pair of gloves (worn)
 O - a +1 kite shield (worn)
Jewellery
 c - a +4 ring of protection
 k - an amulet of the acrobat (around neck)
 E - a +6 ring of strength (right hand)
 K - a +4 ring of protection (left hand)
 P - the ring "Oplarynn" {Ice rCorr Str+4}
   (You found it on level 1 of the Spider Nest)

   [ring of ice]

   It enhances your ice magic.
   Str:       It affects your strength (+4).
   rF:        It makes you vulnerable to fire.
   rC:        It protects you from cold.
   rCorr:     It protects you from acid and corrosion.
Wands
 d - a wand of flame (28)
 o - a wand of mindburst (17)
 r - a wand of paralysis (17)
 s - a wand of iceblast (6)
 B - a wand of polymorph (21)
 H - a wand of digging (8)
Scrolls
 a - 2 scrolls of identify
 b - 8 scrolls of magic mapping
 f - 2 scrolls of fear
 l - 2 scrolls of silence
 n - 6 scrolls of fog
 p - 3 scrolls of blinking
 q - 15 scrolls of teleportation
 C - a scroll of amnesia
Potions
 g - 7 potions of curing
 h - 12 potions of attraction
 i - a potion of resistance
 u - 7 potions of brilliance
 w - 10 potions of flight
 x - a potion of haste
 z - 2 potions of magic
 A - a potion of might
 D - 3 potions of cancellation
Miscellaneous
 G - a tin of tremorstones (2/2)
 I - a phantom mirror


   Skills:
 + Level 20.2 Fighting
 + Level 21.6 Axes
 + Level 18.7 Armour
 + Level 18.7 Shields


You had 17 spell levels left.
You didn't know any spells.
Your spell library contained the following spells:

 Spells                   Type           Power      Damage    Failure   Level
 Apportation              Tloc           0%         N/A       89%         1
 Necrotise                Necr           0%         1d4       89%         1
 Slow                     Hex            0%         N/A       89%         1
 Summon Small Mammal      Summ           0%         N/A       89%         1
 Cigotuvi's Dreadful Rot  Necr/Pois/Air  0%         N/A       96%         2
 Ensorcelled Hibernation  Hex/Ice        0%         N/A       96%         2
 Call Canine Familiar     Summ           0%         N/A       99%         3
 Confusing Touch          Hex            0%         N/A       99%         3
 Frozen Ramparts          Ice            0%         1d1       99%         3
 Gell's Gravitas          Tloc           0%         N/A       99%         3
 Inner Flame              Hex/Fire       0%         N/A       99%         3
 Lesser Beckoning         Tloc           0%         N/A       99%         3
 Portal Projectile        Hex/Tloc       0%         N/A       99%         3
 Spider Form              Tmut/Pois      0%         N/A       99%         3
 Summon Guardian Golem    Hex/Summ       0%         N/A       99%         3
 Teleport Other           Tloc           0%         N/A       99%         3
 Vampiric Draining        Necr           0%         2d6       99%         3
 Anguish                  Hex/Necr       0%         N/A       100%        4
 Dispel Undead            Necr           0%         3d6       100%        4
 Flame Wave               Conj/Fire      0%         2d4       100%        4
 Ice Form                 Ice/Tmut       0%         N/A       100%        4
 Leda's Liquefaction      Hex/Erth       0%         N/A       100%        4
 Manifold Assault         Tloc           0%         N/A       100%        4
 Sticky Flame             Conj/Fire      0%         2d3       100%        4
 Summon Ice Beast         Ice/Summ       0%         N/A       100%        4
 Agony                    Necr           0%         N/A       100%        5
 Alistair's Intoxication  Tmut/Pois      0%         N/A       100%        5
 Blade Hands              Tmut           0%         N/A       100%        5
 Fireball                 Conj/Fire      0%         3d3       100%        5
 Irradiate                Conj/Tmut      0%         3d11      100%        5
 Iskenderun's Battlesphe  Conj           0%         2d6       100%        5
 Lee's Rapid Deconstruct  Erth           0%         3d4*      100%        5
 Conjure Ball Lightning   Conj/Air       0%         3x3d6     100%        6
 Death Channel            Necr           0%         N/A       100%        6
 Dispersal                Tloc           0%         N/A       100%        6
 Statue Form              Tmut/Erth      0%         N/A       100%        6
 Dragon Form              Tmut           0%         N/A       100%        7
 Malign Gateway           Summ/Tloc      0%         N/A       100%        7
 Orb of Destruction       Conj           0%         9d5       100%        7
 Spellforged Servitor     Conj/Summ      0%         N/A       100%        7
 Disjunction              Tloc           0%         N/A       100%        8
 Summon Horrible Things   Summ           0%         N/A       100%        8
 Animate Dead             Necr           Unusable   N/A       N/A         4

Dungeon Overview and Level Annotations

Branches:
Dungeon (15/15)            Temple (0/1) D:4            Lair (5/5) D:11
 Shoals (4/4) Lair:2       Spider (4/4) Lair:2          Orc (2/2) D:12
    Elf (0/3) Orc:2        Vaults (0/5) D:14         Depths (0/4) D:15
  Slime: Lair:4-5

Altars:
Ashenzari
Cheibriados
Elyvilon
Gozag
Hepliaklqana
Nemelex Xobeh
Okawaru
Beogh

Shops:
D:13 ?   Orc:1 :   Orc:2 [(:[   Shoals:4 *((

Annotations:
Shoals:3 Polyphemus


Innate Abilities, Weirdness & Mutations

You are strong-willed. (Will+)
You are robust. (+10% HP)
You are resistant to electric shocks. (rElec)


Message History

The radroach bites you! You block the radroach's attack.
The orb spider pulsates with a strange energy.
You block the radroach's attack. x2
Unknown command.
You block the radroach's attack. The radroach closely misses you.
You see here 18 gold pieces.
Unknown command.
The radroach erupts in a fountain of uncontrolled magic!
You are blasted with magical radiation!
You are very lightly contaminated with residual magic.
You see here 8 gold pieces.
The radroach is distracted by your dazzling golden aura.
The orb spider is distracted by your dazzling golden aura.
You hit the radroach but do no damage.
The radroach is no longer distracted by gold.
The radroach is moderately wounded.
The radroach erupts in a fountain of uncontrolled magic!
You are blasted with magical radiation!!
* * * LOW HITPOINT WARNING * * *
You are contaminated with residual magic.
You barely miss the radroach.
The radroach is moderately wounded.
You slash the radroach!
The radroach is heavily wounded.
The radroach bites you but does no damage.
You block the radroach's attack.
Unknown command.
Unknown command.
Blink to where?
Press: ? - help, Dir - move target
As you read the scroll of blinking, it crumbles to dust.
The orb spider is no longer distracted by gold.
You feel less contaminated with magical energies.
You feel better.
The orb spider weaves a glowing orb of energy.
An orb of destruction comes into view.
You enter the shallow water.
Moving in this stuff is going to be slow.
The orb of destruction hits you!!!
You die...

##.## #...##
#.....^#.#. #$~##
##~..### #.....##.#^
#.}^### #####.~..~##
##........^
#~.$$.###^.^###..^.##
#.#...##..
##$$§..##.~~.##.^..~#
#........#
#~~$$.°.##~~.###~...#
#....#....
#~~#...°B.~~## ##^.~#
#..^##....
#~~~####s.°○.####...##
#.#....#.. #~..^
##.^.°○☼☼@...#
###^.#.#.. ##^.#
####.^....~##
^...##... #.##
#~^.~.~## #..^....^ ##
##^~#.## ^....#.#.
###### #.)..#... #.
#... ..^. .#^^.


You could see a radroach.

Vanquished Creatures
  Nikola (Shoals:4)
  Jorgrun (D:14)
  6 krakens
  Frances (Shoals:1)
  Gastronok (Lair:1)
  Kirke (Lair:5)
  Roxanne (D:14)
  Ilsuiw (Shoals:2)
  An emperor scorpion (Spider:4)
  Aizul (Shoals:1)
  4 ghost moths
  An orc warlord (Orc:2)
  A dire elephant (D:15)
  4 merfolk javelineers (Shoals:4)
  2 entropy weavers
  An entropy weaver (shapeshifter) (D:14)
  7 merfolk impalers
  Fannar (Lair:1)
  The ghost of bande the Cleaver, a journeyman GrFi of Okawaru (Lair:3)
  Erolcha (D:10)
  3 catoblepae
  2 jorogumos
  3 hydras
  An ogre mage (D:15)
  3 centaur warriors
  An alligator snapping turtle (Shoals:4)
  2 radroaches (Spider:3)
  4 merfolk aquamancers (Shoals:4)
  6 death yaks
  2 merfolk avatars
  2 dancing weapons (D:14)
  10 boulder beetles
  12 two-headed ogres
  3 satyrs (Shoals:4)
  Urug (D:10)
  Nergalle (D:12)
  A goliath frog (Lair:5)
  8 pharaoh ants
  3 skeletal warriors (D:11)
  6 sea snakes
  6 steelbarb worms
  12 orb spiders
  A deep elf zephyrmancer (D:15)
  A kraken simulacrum (Shoals:4)
  2 orc knights
  4 orc sorcerers (Orc:2)
  Pikel (D:5)
  28 harpies
  20 wolf spiders
  15 ugly things
  2 deep elf pyromancers
  11 fauns
  8 cyclopes
  2 moths of wrath
  A salamander (D:15)
  A salamander (shapeshifter) (D:14)
  2 oklob plants (D:11)
  5 elephants (Lair:5)
  5 black mambas
  6 merfolk sirens
  15 manticores
  A torpor snail (Spider:2)
  Maurice (D:12)
  5 water nymphs
  17 cane toads
  2 unseen horrors (D:12)
  3 efreet
  2 rime drakes
  A yaktaur (shapeshifter) (Spider:3)
  3 demonic crawlers
  5 komodo dragons
  4 kobold demonologists
  10 trolls
  3 meliai (Spider:2)
  12 wind drakes
  3 tyrant leeches (Lair:5)
  2 polar bears (Lair:3)
  3 hornets
  24 merfolk
  22 tarantellas
  Prince Ribbit (Lair:1)
  10 snapping turtles
  8 dream sheep
  16 blink frogs
  A jumping spider (shapeshifter) (D:15)
  32 jumping spiders
  A spriggan (D:8)
  4 wraiths
  7 water elementals
  21 culicivoras
  2 shadows
  3 wyverns
  2 hogs (Lair:5)
  65 yaks
  A basilisk (Lair:1)
  2 steam dragons
  10 vampire mosquitoes
  64 redbacks
  An acid dragon (D:7)
  12 water moccasins
  3 wargs
  Duvessa (D:4)
  A meliai simulacrum (D:14)
  2 black bears
  33 orc warriors
  An ice beast (D:8)
  2 sky beasts (D:8)
  11 ogres
  11 centaurs
  8 kobold brigands
  Blork the orc (D:4)
  11 bullfrogs
  4 necrophages
  4 gnoll sergeants
  4 scorpions
  2 wights
  Dowan (D:4)
  10 killer bees
  4 howler monkeys
  5 electric eels
  7 hounds
  3 jellies
  24 orc priests
  2 gnoll boudas
  3 iguanas
  Terence (D:3)
  Natasha (twice) (D:3)
  21 orc wizards
  20 gnolls
  4 adders
  2 shadow imps (D:8)
  An ufetubus (D:5)
  3 worms
  A dart slug (D:5)
  99 orcs
  An endoplasm (D:1)
  4 giant cockroaches
  6 goblins
  5 hobgoblins
  4 jackals (D:2)
  3 quokkas
  2 ball pythons
  4 bats
  15 kobolds
  A rat (D:3)
  A plant (Shoals:3)
  11 tentacles
1015 creatures vanquished.

Vanquished Creatures (collateral kills)
  Donald (Shoals:2)
  A merfolk impaler (Shoals:4)
  A merfolk aquamancer (Shoals:2)
  A cyclops (Shoals:2)
  A merfolk siren (Shoals:2)
  A merfolk (Shoals:2)
  A water elemental (Shoals:2)
7 creatures vanquished.

Vanquished Creatures (others)
  A water nymph (Shoals:2)
  A vampire mosquito (Lair:5)
  An orc wizard (D:8)
  26 fungi
  240 plants
  31 tentacles
300 creatures vanquished.

Grand Total: 1322 creatures vanquished

Notes
Turn   | Place    | Note
-------+----------+-------------------------------------------
     0 | D:1      | retardedninja the Hill Orc Fighter began the quest for the
                  | Orb.
     0 | D:1      | Reached XP level 1. HP: 19/19 MP: 1/1
   251 | D:1      | Reached skill level 3 in Axes
   251 | D:1      | Reached XP level 2. HP: 27/27 MP: 2/2
   710 | D:2      | Reached XP level 3. HP: 14/33 MP: 3/3
   711 | D:2      | HP: 1/33 [gnoll/+0 spear (3)]
   979 | D:2      | Reached XP level 4. HP: 40/40 MP: 4/4
  1725 | D:3      | Noticed Natasha
  1742 | D:3      | Killed Natasha
  2060 | D:2      | Reached skill level 4 in Axes
  2060 | D:2      | Reached XP level 5. HP: 20/47 MP: 5/5
  2528 | D:3      | Found an iron altar of Okawaru.
  2565 | D:3      | Found an opulent altar of Gozag.
  2579 | D:3      | Became a worshipper of Gozag Ym Sagoz the Greedy
  2915 | D:3      | Noticed Natasha
  2941 | D:3      | Killed Natasha
  2942 | D:3      | Reached skill level 5 in Fighting
  3398 | D:3      | Gained mutation: You are strong-willed. (Will+) [potion of
                  | mutation]
  3398 | D:3      | Gained mutation: You are robust. (+10% HP) [potion of
                  | mutation]
  3398 | D:3      | Gained mutation: You are resistant to electric shocks.
                  | (rElec) [potion of mutation]
  3408 | D:3      | Reached XP level 6. HP: 61/61 MP: 6/6
  3826 | D:3      | Noticed Terence
  3838 | D:3      | Killed Terence
  4065 | D:4      | Found a staircase to the Ecumenical Temple.
  4103 | D:4      | Noticed Blork the orc
  4113 | D:4      | Killed Blork the orc
  4195 | D:4      | Got the Papyrus of Spellbinding Evil
  4259 | D:4      | Reached skill level 5 in Axes
  4293 | D:4      | Reached skill level 5 in Armour
  4384 | D:4      | Reached skill level 5 in Shields
  4384 | D:4      | Reached XP level 7. HP: 62/67 MP: 7/7
  4647 | D:4      | Noticed Duvessa
  4648 | D:4      | Noticed Dowan
  4660 | D:4      | Killed Dowan
  4681 | D:4      | Killed Duvessa
  4682 | D:4      | Reached skill level 6 in Axes
  5331 | D:5      | Entered Level 5 of the Dungeon
  5405 | D:5      | Reached XP level 8. HP: 70/78 MP: 8/8
  5974 | D:5      | Noticed Pikel
  5983 | D:5      | Killed Pikel
  5984 | D:5      | Reached skill level 7 in Axes
  5984 | D:5      | Reached XP level 9. HP: 61/86 MP: 9/9
  6711 | D:6      | Found a snail-covered altar of Cheibriados.
  6712 | D:6      | Found a sparkling altar of Nemelex Xobeh.
  6749 | D:6      | Reached skill level 8 in Axes
  6921 | D:6      | Found a white marble altar of Elyvilon.
  8505 | D:7      | Reached skill level 9 in Axes
  8614 | D:7      | Found a hazy altar of Hepliaklqana.
  9032 | D:7      | Identified a scroll of acquirement
  9034 | D:7      | Acquired the +7 broad axe of Deare {speed, rElec MP+9 Int+5
                  | Stlth+}
  9247 | D:8      | Noticed a two-headed ogre
  9255 | D:8      | Killed a two-headed ogre
  9256 | D:8      | Reached XP level 10. HP: 65/100 MP: 10/10
  9655 | D:8      | Noticed a two-headed ogre
  9667 | D:8      | Killed a two-headed ogre
  9989 | D:8      | Noticed a two-headed ogre
  9999 | D:8      | Killed a two-headed ogre
 10000 | D:8      | Reached skill level 10 in Axes
 10426 | D:8      | Noticed a two-headed ogre
 10440 | D:8      | Killed a two-headed ogre
 10441 | D:8      | Reached skill level 10 in Fighting
 10458 | D:8      | Reached skill level 11 in Axes
 10458 | D:8      | Reached XP level 11. HP: 111/111 MP: 11/11
 11566 | D:8      | Noticed a two-headed ogre
 11885 | D:8      | Killed a two-headed ogre
 11886 | D:8      | Reached skill level 10 in Armour
 11886 | D:8      | Reached skill level 10 in Shields
 11890 | D:8      | Noticed a sixfirhy
 12081 | D:8      | Noticed a boulder beetle
 12133 | D:8      | Killed a boulder beetle
 12192 | D:8      | Noticed a cyclops
 12201 | D:8      | Killed a cyclops
 12550 | D:9      | Noticed a two-headed ogre
 12560 | D:9      | Killed a two-headed ogre
 12561 | D:9      | Reached skill level 12 in Axes
 13197 | D:10     | Entered Level 10 of the Dungeon
 13281 | D:10     | Noticed Erolcha
 13310 | D:10     | Killed Erolcha
 13311 | D:10     | Reached XP level 12. HP: 60/123 MP: 12/12
 13779 | D:10     | Noticed a two-headed ogre
 13792 | D:10     | Killed a two-headed ogre
 13934 | D:10     | Reached skill level 13 in Axes
 14150 | D:10     | Noticed Urug
 14164 | D:10     | Killed Urug
 14831 | D:11     | Found a gate leading to a gauntlet.
 14834 | D:11     | Found a staircase to the Lair.
 15843 | D:11     | Reached skill level 14 in Axes
 16196 | Lair:1   | Entered Level 1 of the Lair of Beasts
 16314 | Lair:1   | Reached XP level 13. HP: 134/134 MP: 13/13
 16316 | Lair:1   | Noticed Fannar
 16344 | Lair:1   | Killed Fannar
 16591 | Lair:1   | Noticed Prince Ribbit
 16597 | Lair:1   | Killed Prince Ribbit
 17012 | Lair:1   | Noticed Gastronok
 17045 | Lair:1   | Killed Gastronok
 18165 | Lair:2   | Found a hole to the Spider Nest.
 18490 | Lair:2   | Found a staircase to the Shoals.
 18500 | Lair:2   | Reached skill level 15 in Axes
 18881 | Lair:3   | Found a runed translucent door.
 18884 | Lair:3   | Noticed bande's ghost (journeyman GrFi)
 19907 | Lair:3   | Killed bande's ghost
 20797 | Lair:4   | Reached XP level 14. HP: 96/146 MP: 14/14
 21742 | Lair:5   | Entered Level 5 of the Lair of Beasts
 22142 | Lair:4   | Reached skill level 15 in Fighting
 22616 | Lair:5   | Reached skill level 16 in Axes
 23626 | Lair:5   | Noticed Kirke
 23641 | Lair:5   | Killed Kirke
 24609 | D:12     | Noticed Maurice
 24615 | D:12     | Killed Maurice
 24702 | D:12     | Noticed Nergalle
 24717 | D:12     | Killed Nergalle
 25162 | D:12     | Found a staircase to the Orcish Mines.
 25413 | Orc:1    | Entered Level 1 of the Orcish Mines
 25494 | Orc:1    | Found Mecsaud's Book Emporium.
 25900 | Orc:2    | Entered Level 2 of the Orcish Mines
 25901 | Orc:2    | Found a staircase to the Elven Halls.
 26051 | Orc:2    | Found a roughly hewn altar of Beogh.
 26183 | Orc:2    | Reached XP level 15. HP: 157/157 MP: 15/15
 26193 | Orc:2    | Found a roughly hewn altar of Beogh.
 26229 | Orc:2    | Found Suptycon's Armour Boutique.
 26243 | Orc:2    | Bought a +1 pair of gloves of hurling for 214 gold pieces
 26297 | Orc:2    | Found a roughly hewn altar of Beogh.
 26389 | Orc:2    | Found a roughly hewn altar of Beogh.
 26390 | Orc:2    | Found Fyepp's Book Emporium.
 26401 | Orc:2    | Reached skill level 17 in Axes
 26428 | Orc:2    | Noticed an orc warlord
 26486 | Orc:2    | Killed an orc warlord
 26977 | Orc:2    | Found Ozxioses's Antique Weapon Emporium.
 26977 | Orc:2    | Found a roughly hewn altar of Beogh.
 26979 | Orc:2    | Found Ruavaetz's Antique Armour Shoppe.
 26992 | Orc:2    | Bought a shiny helmet for 240 gold pieces
 27137 | Orc:2    | Found a roughly hewn altar of Beogh.
 27433 | D:13     | Found Farouced's Magic Scroll Emporium.
 27448 | D:13     | Reached skill level 15 in Armour
 27454 | D:13     | Bought a scroll of blinking for 112 gold pieces
 27454 | D:13     | Bought a scroll of teleportation for 45 gold pieces
 27713 | D:13     | Reached skill level 15 in Shields
 28425 | D:14     | Noticed Jorgrun
 28448 | D:14     | Killed Jorgrun
 28808 | D:14     | Found a gate to the Vaults.
 29073 | D:14     | Noticed Roxanne
 29097 | D:14     | Killed Roxanne
 29838 | D:15     | Entered Level 15 of the Dungeon
 30469 | D:15     | Found a staircase to the Depths.
 30597 | D:15     | Reached skill level 18 in Axes
 30815 | D:15     | Found a broken altar of Ashenzari.
 31797 | Shoals:1 | Entered Level 1 of the Shoals
 31831 | Shoals:1 | Reached XP level 16. HP: 166/170 MP: 16/16
 31864 | Shoals:1 | Noticed Frances
 31879 | Shoals:1 | Killed Frances
 32138 | Shoals:1 | Noticed Aizul
 32172 | Shoals:1 | Killed Aizul
 33254 | Shoals:1 | Noticed a kraken
 33268 | Shoals:1 | Killed a kraken
 34105 | Shoals:2 | Noticed Ilsuiw
 34133 | Shoals:2 | Killed Ilsuiw
 34291 | Shoals:2 | Noticed Donald
 34294 | Shoals:2 | Reached skill level 19 in Axes
 34318 | Shoals:2 | Killed Donald
 35327 | Shoals:3 | Noticed a kraken
 35343 | Shoals:3 | Killed a kraken
 35758 | Shoals:3 | Noticed a kraken
 35773 | Shoals:3 | Killed a kraken
 35787 | Shoals:3 | Noticed a kraken
 35794 | Shoals:3 | Killed a kraken
 36319 | Shoals:3 | Found a white marble altar of Elyvilon.
 36324 | Shoals:3 | Noticed a kraken
 36334 | Shoals:3 | Killed a kraken
 36525 | Shoals:3 | Noticed Polyphemus
 36528 | Shoals:3 | Reached XP level 17. HP: 163/181 MP: 17/17
 38455 | Shoals:4 | Entered Level 4 of the Shoals
 38747 | Shoals:4 | Found Dongax's Weapon Boutique.
 38912 | Shoals:4 | Reached skill level 20 in Axes
 38914 | Shoals:4 | Got a barnacled rune of Zot
 39201 | Shoals:4 | Found Esusul's General Store.
 39294 | Shoals:4 | Noticed Nikola
 39305 | Shoals:4 | Killed Nikola
 39558 | Shoals:4 | Noticed a kraken
 39566 | Shoals:4 | Killed a kraken
 39625 | Shoals:4 | Found Nivorovu's Antique Weapon Emporium.
 41234 | Shoals:4 | Identified the ring "Zeipulif" {rElec rF- MP+9 Dex+3}
 41356 | Spider:1 | Entered Level 1 of the Spider Nest
 42634 | Spider:1 | Reached XP level 18. HP: 192/193 MP: 18/18
 42696 | Spider:1 | Identified the ring "Oplarynn" {Ice rCorr Str+4}
 44378 | Spider:2 | Reached skill level 21 in Axes
 46997 | Spider:4 | Entered Level 4 of the Spider Nest
 48554 | Spider:4 | Blown up by an orb spider

Illustrated notes

Levels and vault maps discovered:
D:1:      evilmike_arrival_hilbert_curve, layout_loops_ring, minivault_14,
          minmay_misc_feat_encased
D:2:      layout_basic, minmay_misc_feat_square
D:3:      cheibrodos_pilgrimage, layout_basic,
          mainiacjoe_overflow_surrounded_room, lemuel_crystal_altar,
          solitary_fountain, uniq_natasha, uniq_terence
D:4:      layout_rooms, minmay_temple_entry_overgrown, uniq_duvessa,
          uniq_blork_the_orc
D:5:      layout_cave_pools, uniq_pikel
D:6:      layout_gridville, lemuel_doored_altar, grunt_temple_overflow_open,
          lemuel_flame_loot_1
D:7:      layout_loops_corners, lemuel_tele_altar
D:8:      nzn_winding_woodlands_stair_cross [nzn_winding_woodlands_5x15_default,
          nzn_winding_woodlands_center_pierced_h,
          nzn_winding_woodlands_5x15_pockets,
          nzn_winding_woodlands_5x5_perimeter, nzn_winding_woodlands_5x5_cross,
          nzn_winding_woodlands_5x15_zeroes,
          nzn_winding_woodlands_center_garden,
          nzn_winding_woodlands_5x15_concentric], layout_cave_pools,
          st_stairs_13, chequers_garden, the_hattery
D:9:      layout_roguey
D:10:     layout_loops_ring, kennysheep_generic_room_15, uniq_urug, uniq_erolcha
D:11:     layout_basic, dpeg_oklobed_lair, gauntlet_entry_generic,
          kennysheep_path_1, corexii_corridor_pit
D:12:     layout_loops_corners, kennysheep_orc_monster_closet_entryway,
          uniq_maurice, uniq_nergalle
D:13:     layout_roguey, serial_shops, kennysheep_little_box
D:14:     layout_loops_ring, erik_vaults_1, nrook_campfire, uniq_roxanne,
          uniq_jorgrun
D:15:     hangedman_depths_entry_try_elsewhere_first, layout_stronghold,
          minmay_misc_feat_tower, nicolae_ashenzari_skybound
Lair:1:   layout_regular_city, uniq_gastronok, uniq_prince_ribbit2, uniq_fannar
Lair:2:   layout_regular_city, minmay_shoals_entry_hut,
          nicolae_spider_entry_orb_guardian
Lair:3:   layout_regular_city, ebering_ghost_inner_flame, serial_bayou,
          serial_bayou_shore_b, serial_bayou_crossing, serial_bayou_pond_a,
          serial_bayou_shore_a, columned_hall_lemuel
Lair:4:   layout_regular_city
Lair:5:   minmay_lair_end_frog_pond, layout_cellular_growth, slime_entry_2,
          serial_rivers, chequers_serial_rivers_small_b,
          chequers_serial_rivers_micro_e, chequers_serial_rivers_marsh,
          chequers_serial_rivers_small_3, chequers_serial_rivers_micro_e,
          nicolae_lair_yak_garden, uniq_kirke
Shoals:1: layout_shoals, nicolae_shoals_kraken_intersection, uniq_aizul,
          uniq_frances
Shoals:2: layout_shoals, nicolae_shoals_lost_giant_baths,
          nicolae_shoals_shepherds, uniq_ilsuiw, uniq_donald
Shoals:3: layout_shoals, wheals_shoals_ruined_temple, uniq_polyphemus
Shoals:4: shoals_end_grunt_ice, layout_shoals, serial_shops,
          nicolae_shop_statue_plus, shop_statue, nicolae_shop_statue_plus,
          uniq_nikola
Spider:1: layout_chambers
Spider:2: layout_spider_delve
Spider:3: layout_chambers, hellmonk_deceptive_appearances
Spider:4: spider_rune_water, guppyfry_spider_mini_3
Orc:1:    layout_caves, serial_shops, nicolae_square_shop,
          nicolae_orc_crystal_geode
Orc:2:    grunt_orc_community_town_hall, layout_caves,
          grunt_orc_community_big_house_2, grunt_orc_community_big_house_1,
          grunt_orc_community_house_1, grunt_orc_community_house_3,
          grunt_orc_community_house_2, grunt_orc_community_house_3,
          grunt_orc_community_house_1, abandoned_shop

Skill      XL: |  1  2  3  4  5  6  7  8  9 10 11 12 13 14 15 16 17 18 |
---------------+-------------------------------------------------------+-----
Axes           | 3 4 5 6 7 9 11 12 14 15 16 18 19 20 21 | 21.6
Fighting       | 4 5 6 7 9 10 12 13 14 15 17 18 19 20 | 20.2
Armour         | 4 5 6 8 9 11 12 13 14 15 16 17 18 | 18.7
Shields        | 4 5 6 8 9 11 12 13 14 15 16 17 18 | 18.7

Action                   |  1- 3 |  4- 6 |  7- 9 | 10-12 | 13-15 | 16-18 || total
-------------------------+-------+-------+-------+-------+-------+-------++-------
Melee: War axe           |    64 |   212 |   260 |       |       |       ||   536
       Broad axe         |       |       |    26 |   386 |  1249 |  1418 ||  3079
Throw: Javelin           |       |       |       |       |       |     6 ||     6
Invok: Potion Petition   |       |       |       |       |     1 |     3 ||     4
Evoke: Phantom mirror    |       |       |       |       |       |     2 ||     2
  Use: Potion            |     3 |     7 |     5 |     4 |     6 |    13 ||    38
       Scroll            |       |       |    17 |    10 |     7 |     8 ||    42
 Stab: Distracted        |       |       |       |     2 |     9 |     9 ||    20
       Petrified         |       |       |       |       |     1 |       ||     1
Armor: Scale mail        |    46 |    65 |    20 |       |       |       ||   131
       Skin              |       |    17 |       |       |       |       ||    17
       Chain mail        |       |       |   124 |    35 |       |       ||   159
       Plate armour      |       |       |       |   109 |   512 |   742 ||  1363
Dodge: Dodged            |    35 |   108 |   128 |   125 |   298 |   490 ||  1184
Block: Buckler           |    19 |    47 |    76 |    75 |   220 |   217 ||   654
       Kite shield       |       |       |       |       |       |   368 ||   368

Table legend: (Time is in decaauts)
 A = Elapsed time spent in this place.
 B = Non-inter-level travel time spent in this place.
 C = Inter-level travel time spent in this place.
 D = Time resting spent in this place.
 E = Time spent auto-exploring this place.
 F = Levels seen in this place.
 G = Mean time per level.
                   A        B        C        D        E       F      G
               +--------+--------+--------+--------+--------+-----+--------+
         Total |  47399 |  46198 |   1201 |  17862 |  21972 |  30 | 1580.0 |
       Dungeon |  21643 |  21191 |    452 |   8297 |  10339 |  15 | 1442.9 |
          Lair |   7858 |   7491 |    367 |   2691 |   3947 |   5 | 1571.6 |
        Shoals |   9165 |   8971 |    194 |   4375 |   3326 |   4 | 2291.2 |
   Spider Nest |   6909 |   6786 |    123 |   2189 |   3334 |   4 | 1727.2 |
  Orcish Mines |   1822 |   1758 |     64 |    309 |   1024 |   2 |  911.0 |
               +--------+--------+--------+--------+--------+-----+--------+

Top non-repeatable levels by time:
Shoals:3: 3035 daAuts
     D:7: 2933 daAuts
Shoals:4: 2660 daAuts
  Lair:4: 2295 daAuts
     D:3: 2212 daAuts
Shoals:1: 1996 daAuts
Spider:1: 1911 daAuts
Spider:2: 1882 daAuts
Spider:3: 1859 daAuts
     D:8: 1824 daAuts
    D:15: 1749 daAuts
    D:11: 1695 daAuts
    D:14: 1634 daAuts
  Lair:3: 1535 daAuts
Shoals:2: 1473 daAuts
